General information
- name: BNet
- type: Ladder team game (AT/RT)
- host: Battle.net
- saver: dogsandhorse.ru
map: RiceFields
- players: 6
- length: 47:49
- speed: Fast
- version: 1.26 W3XP
- replay type:

» download(418 KB)
Players
team 1 (loser)
deRt0d (
blue | 43 APM | 2028 actions | 46:59)
5 Keeper of the Grove
3 Entangling Roots
2 Force of Nature
5 Priestess of the Moon
3 Trueshot Aura
2 Searing Arrows
» actions
| Assign group hotkey | 33 | |
| Build / train | 103 | |
| Enter build submenu | 26 | |
| Enter hero's abilities submenu | 10 | |
| Remove unit from queue | 1 | |
| Right click | 1245 | |
| Select / deselect | 368 | |
| Select group hotkey | 176 | |
| Use ability | 66 | |
2028 total
» units
| Wisp | 26 | |
| Archer | 6 | |
| Dryad | 9 | |
| Chimaera | 15 | |
| Hippogryph | 13 | |
| Glaive Thrower | 7 | |
76 total
» upgrades
| Abolish Magic | 1 | |
| Strength of the Wild | 3 | |
| Corrosive Breath | 1 | |
| Reinforced Hides | 2 | |
| Vorpal Blades | 1 | |
8 total
» buildings
| Altar of Elders | 1 | |
| Moon Well | 9 | |
| Ancient of War | 3 | |
| Tree of Ages | 1 | |
| Ancient of Wonders | 1 | |
| Hunter's Hall | 1 | |
| Ancient of Lore | 2 | |
| Tree of Life | 1 | |
| Tree of Eternity | 1 | |
| Ancient of Wind | 2 | |
| Chimaera Roost | 4 | |
26 total
» build order
00:09 Altar of Elders
00:15 Moon Well
00:37 Ancient of War
01:27 Moon Well
03:09 Tree of Ages
04:12 Ancient of Wonders
04:17 Moon Well
04:44 Hunter's Hall
06:43 Ancient of Lore
07:21 Ancient of Lore
07:26 Moon Well
10:10 Moon Well
10:24 Tree of Life
11:25 Tree of Eternity
13:10 Ancient of Wind
14:26 Chimaera Roost
14:30 Chimaera Roost
14:38 Moon Well
17:31 Moon Well
27:40 Ancient of Wind
27:43 Moon Well
28:39 Moon Well
28:47 Chimaera Roost
28:56 Chimaera Roost
34:39 Ancient of War
34:43 Ancient of War
» items
| Scroll of Town Portal | 1 | |
| Potion of Healing | 2 | |
| Potion of Mana | 1 | |
4 total

»
Smurfffffffffff (
yellow | 67 APM | 3136 actions | 46:54)
6 Tauren Chieftain
2 Endurance Aura
3 Shockwave
1 Reincarnation
3 Dark Ranger
2 Silence
1 Life Drain
» actions
| Assign group hotkey | 27 | |
| Basic commands | 23 | |
| Build / train | 106 | |
| Enter build submenu | 27 | |
| Enter hero's abilities submenu | 9 | |
| Give item / drop item | 1 | |
| Right click | 1427 | |
| Select / deselect | 568 | |
| Select group hotkey | 767 | |
| Use ability | 181 | |
3136 total
» units
| Peon | 18 | |
| Troll Headhunter/Berserker | 12 | |
| Demolisher | 15 | |
| Troll Witch Doctor | 11 | |
56 total
» upgrades
| Ranged Weapons | 3 | |
| Troll Regeneration | 1 | |
| Armor | 2 | |
| Burning Oil | 1 | |
| Berserker Upgrade | 1 | |
| Reinforced Defenses | 1 | |
| Witch Doctor Training | 2 | |
11 total
» buildings
| War Mill | 1 | |
| Orc Burrow | 8 | |
| Barracks | 3 | |
| Altar of Storms | 1 | |
| Stronghold | 2 | |
| Voodoo Lounge | 2 | |
| Fortress | 2 | |
| Watch Tower | 5 | |
| Great Hall | 3 | |
| Spirit Lodge | 1 | |
28 total
» build order
00:15 War Mill
00:22 Orc Burrow
00:52 Barracks
01:07 Altar of Storms
01:59 Orc Burrow
03:13 Stronghold
03:13 Stronghold
03:25 Barracks
03:28 Orc Burrow
04:03 Orc Burrow
04:14 Voodoo Lounge
05:04 Voodoo Lounge
06:22 Fortress
07:57 Watch Tower
10:17 Great Hall
11:22 Spirit Lodge
15:27 Orc Burrow
15:29 Orc Burrow
17:12 Barracks
17:14 Orc Burrow
26:59 Great Hall
27:25 Orc Burrow
27:27 Watch Tower
27:47 Watch Tower
29:09 Watch Tower
30:22 Watch Tower
33:24 Great Hall
» items
| Healing Salve | 7 | |
| Lesser Clarity Potion | 5 | |
| Scroll of Town Portal | 2 | |
| Orb of Lightning | 4 | |
| Potion of Healing | 3 | |
21 total
whatnametotake (
teal | 77 APM | 3671 actions | 47:48)
5 Mountain King
3 Storm Bolt
2 Bash
5 Paladin
1 Holy Light
2 Divine Shield
2 Devotion Aura
» actions
| Assign group hotkey | 55 | |
| Build / train | 122 | |
| Enter build submenu | 29 | |
| Enter hero's abilities submenu | 11 | |
| Give item / drop item | 8 | |
| Right click | 985 | |
| Select / deselect | 590 | |
| Select group hotkey | 1624 | |
| Use ability | 247 | |
3671 total
» units
| Peasant | 6 | |
| Footman | 7 | |
| Rifleman | 6 | |
| Mortar Team | 20 | |
| Priest | 11 | |
| Spell Breaker | 2 | |
| Knight | 4 | |
| Gryphon Rider | 4 | |
| Flying Machine | 9 | |
69 total
» upgrades
| Masonry | 3 | |
| Defend | 1 | |
| Gunpowder | 3 | |
| Plating | 2 | |
| Priest Training | 2 | |
| Fragmentation Shards | 1 | |
| Magic Sentry | 1 | |
| Flak Cannons | 1 | |
| Flying Machine Bombs | 1 | |
15 total
» buildings
| Barracks | 1 | |
| Altar of Kings | 1 | |
| Farm | 9 | |
| Scout Tower | 4 | |
| Arcane Tower | 3 | |
| Keep | 1 | |
| Blacksmith | 1 | |
| Arcane Vault | 1 | |
| Lumber Mill | 1 | |
| Workshop | 1 | |
| Castle | 1 | |
| Arcane Sanctum | 1 | |
| Gryphon Aviary | 1 | |
| Town Hall | 1 | |
| Guard Tower | 2 | |
29 total
» build order
00:15 Barracks
00:31 Altar of Kings
00:38 Farm
00:46 Farm
02:06 Scout Tower
02:31 Farm
02:46 Arcane Tower
02:46 Arcane Tower
02:46 Arcane Tower
04:35 Keep
04:39 Blacksmith
04:45 Farm
05:24 Arcane Vault
05:35 Lumber Mill
07:19 Workshop
08:14 Farm
08:59 Farm
11:25 Castle
11:31 Arcane Sanctum
12:07 Farm
13:20 Farm
24:59 Scout Tower
25:07 Farm
25:16 Gryphon Aviary
25:37 Town Hall
39:22 Guard Tower
46:00 Scout Tower
46:51 Guard Tower
46:57 Scout Tower
» items
| Scroll of Regeneration | 2 | |
| Scroll of Town Portal | 4 | |
| Lesser Clarity Potion | 4 | |
| Potion of Healing | 7 | |
| Orb of Fire | 1 | |
18 total
team 2 (winner)
Birdeneering (
pink | 152 APM | 7256 actions | 47:48)
5 Archmage
3 Blizzard
2 Brilliance Aura
5 Blood Mage
2 Flame Strike
3 Siphon Mana
4 Pit Lord
2 Rain of Fire
2 Cleaving Attack
» actions
| Assign group hotkey | 410 | |
| Basic commands | 31 | |
| Build / train | 110 | |
| Enter build submenu | 86 | |
| Enter hero's abilities submenu | 14 | |
| Give item / drop item | 4 | |
| Right click | 3737 | |
| Select / deselect | 383 | |
| Select group hotkey | 2156 | |
| Use ability | 325 | |
7256 total
» units
» upgrades
| Masonry | 3 | |
| Lumber Harvesting | 2 | |
| Magic Sentry | 1 | |
6 total
» buildings
| Altar of Kings | 2 | |
| Farm | 9 | |
| Scout Tower | 75 | |
| Lumber Mill | 1 | |
| Arcane Tower | 9 | |
| Guard Tower | 34 | |
| Keep | 1 | |
| Arcane Vault | 4 | |
| Castle | 1 | |
| Town Hall | 3 | |
| Arcane Sanctum | 1 | |
140 total
» build order
00:06 Altar of Kings
00:20 Farm
00:47 Farm
01:06 Scout Tower
01:14 Scout Tower
01:17 Scout Tower
01:18 Scout Tower
01:27 Lumber Mill
01:32 Scout Tower
02:00 Scout Tower
02:04 Arcane Tower
02:04 Arcane Tower
02:04 Arcane Tower
02:20 Scout Tower
02:29 Scout Tower
02:33 Farm
02:36 Guard Tower
02:39 Scout Tower
02:43 Guard Tower
02:46 Arcane Tower
02:46 Arcane Tower
03:00 Scout Tower
03:26 Scout Tower
03:27 Guard Tower
03:27 Guard Tower
04:07 Keep
04:15 Scout Tower
04:16 Guard Tower
04:22 Scout Tower
04:23 Scout Tower
04:24 Scout Tower
04:25 Guard Tower
04:25 Guard Tower
04:29 Arcane Vault
04:31 Scout Tower
04:32 Scout Tower
04:34 Scout Tower
04:35 Scout Tower
04:45 Scout Tower
04:45 Scout Tower
04:46 Guard Tower
05:16 Guard Tower
05:16 Guard Tower
05:18 Scout Tower
05:24 Arcane Vault
05:26 Scout Tower
05:26 Scout Tower
05:27 Guard Tower
05:42 Scout Tower
05:43 Scout Tower
05:45 Scout Tower
05:45 Scout Tower
05:47 Guard Tower
05:49 Scout Tower
05:50 Guard Tower
06:20 Scout Tower
06:21 Guard Tower
06:31 Guard Tower
06:32 Scout Tower
06:33 Scout Tower
06:44 Castle
07:16 Guard Tower
07:19 Scout Tower
07:20 Scout Tower
07:24 Arcane Tower
07:28 Guard Tower
07:47 Scout Tower
07:49 Scout Tower
07:49 Scout Tower
07:52 Guard Tower
07:57 Arcane Tower
08:48 Town Hall
08:58 Scout Tower
08:59 Scout Tower
09:15 Guard Tower
09:30 Scout Tower
09:30 Scout Tower
09:47 Guard Tower
09:51 Scout Tower
09:52 Scout Tower
10:09 Scout Tower
10:09 Scout Tower
11:26 Guard Tower
11:28 Arcane Sanctum
11:46 Guard Tower
11:53 Scout Tower
12:04 Farm
12:04 Farm
12:17 Town Hall
12:18 Scout Tower
12:19 Scout Tower
12:20 Scout Tower
12:22 Scout Tower
12:22 Scout Tower
12:23 Scout Tower
12:42 Scout Tower
12:43 Scout Tower
12:43 Scout Tower
12:47 Scout Tower
12:47 Scout Tower
13:05 Guard Tower
13:10 Arcane Tower
13:24 Guard Tower
13:27 Scout Tower
13:29 Scout Tower
13:40 Guard Tower
13:43 Scout Tower
13:43 Scout Tower
13:58 Arcane Vault
14:00 Arcane Vault
14:08 Guard Tower
14:12 Scout Tower
14:13 Scout Tower
14:27 Scout Tower
14:28 Scout Tower
14:53 Guard Tower
14:54 Guard Tower
15:37 Guard Tower
15:39 Scout Tower
15:40 Scout Tower
15:41 Scout Tower
16:37 Guard Tower
16:57 Scout Tower
16:58 Guard Tower
17:07 Scout Tower
17:20 Scout Tower
17:30 Guard Tower
17:43 Arcane Tower
18:17 Guard Tower
22:30 Scout Tower
22:31 Scout Tower
22:32 Scout Tower
22:33 Scout Tower
26:06 Town Hall
27:42 Altar of Kings
27:44 Farm
27:44 Farm
30:13 Farm
36:38 Farm
» items
| Scroll of Regeneration | 5 | |
| Scroll of Town Portal | 7 | |
| Staff of Sanctuary | 3 | |
| Claws of Attack +15 | 1 | |
| Kelen's Dagger of Escape | 1 | |
17 total
dogsandhorse.ru (
purple | 142 APM | 6778 actions | 47:49)
3 Demon Hunter
2 Mana Burn
1 Evasion
4 Pandaren Brewmaster
2 Breath of Fire
2 Drunken Haze
» actions
| Assign group hotkey | 39 | |
| Basic commands | 9 | |
| Build / train | 84 | |
| Enter build submenu | 27 | |
| Enter hero's abilities submenu | 9 | |
| Give item / drop item | 6 | |
| Remove unit from queue | 11 | |
| Right click | 4615 | |
| Select / deselect | 670 | |
| Select group hotkey | 1113 | |
| Use ability | 192 | |
6778 total
» units
| Wisp | 21 | |
| Chimaera | 7 | |
| Hippogryph | 18 | |
46 total
» upgrades
| Ultravision | 1 | |
| Nature's Blessing | 1 | |
| Well Spring | 1 | |
| Strength of the Wild | 2 | |
| Corrosive Breath | 1 | |
6 total
» buildings
| Altar of Elders | 2 | |
| Moon Well | 11 | |
| Ancient of Wonders | 2 | |
| Tree of Ages | 2 | |
| Hunter's Hall | 1 | |
| Tree of Eternity | 1 | |
| Tree of Life | 1 | |
| Ancient of Wind | 3 | |
| Chimaera Roost | 2 | |
25 total
» build order
00:10 Altar of Elders
00:18 Moon Well
01:14 Moon Well
02:22 Ancient of Wonders
03:02 Moon Well
03:57 Tree of Ages
04:17 Moon Well
04:38 Hunter's Hall
05:11 Moon Well
05:49 Moon Well
05:51 Moon Well
05:57 Moon Well
05:58 Moon Well
06:22 Tree of Eternity
08:00 Tree of Life
08:18 Ancient of Wind
11:57 Chimaera Roost
16:57 Ancient of Wonders
24:16 Chimaera Roost
24:18 Ancient of Wind
24:36 Altar of Elders
26:06 Tree of Ages
27:49 Moon Well
27:53 Moon Well
28:46 Ancient of Wind
» items
| Staff of Sanctuary | 1 | |
| Staff of Preservation | 2 | |
| Orb of Venom | 2 | |
| Kelen's Dagger of Escape | 1 | |
| Anti-magic Potion | 1 | |
| Scroll of Town Portal | 1 | |
8 total
nutsonyochin.de (
red | 144 APM | 6899 actions | 47:48)
4 Archmage
2 Blizzard
2 Brilliance Aura
5 Mountain King
3 Storm Bolt
2 Bash
3 Paladin
2 Holy Light
1 Divine Shield
» actions
| Assign group hotkey | 14 | |
| Basic commands | 118 | |
| Build / train | 196 | |
| ESC pressed | 12 | |
| Enter build submenu | 142 | |
| Enter hero's abilities submenu | 12 | |
| Give item / drop item | 4 | |
| Right click | 3121 | |
| Select / deselect | 563 | |
| Select group hotkey | 2237 | |
| Use ability | 480 | |
6899 total
» units
| Peasant | 40 | |
| Dragonhawk Rider | 9 | |
| Priest | 1 | |
50 total
» upgrades
| Masonry | 3 | |
| Magic Sentry | 1 | |
| Lumber Harvesting | 1 | |
| Cloud | 1 | |
| Armor | 1 | |
| Animal War Training | 1 | |
| Priest Training | 1 | |
9 total
» buildings
| Altar of Kings | 1 | |
| Farm | 5 | |
| Lumber Mill | 1 | |
| Scout Tower | 156 | |
| Arcane Tower | 7 | |
| Guard Tower | 95 | |
| Keep | 1 | |
| Arcane Vault | 3 | |
| Town Hall | 3 | |
| Arcane Sanctum | 1 | |
| Castle | 1 | |
| Gryphon Aviary | 1 | |
| Barracks | 1 | |
| Blacksmith | 1 | |
277 total
» build order
00:14 Altar of Kings
00:15 Farm
00:19 Lumber Mill
00:53 Scout Tower
01:19 Farm
01:24 Arcane Tower
01:44 Scout Tower
02:11 Scout Tower
02:11 Guard Tower
02:13 Guard Tower
02:13 Guard Tower
02:14 Guard Tower
02:28 Scout Tower
02:32 Scout Tower
02:41 Guard Tower
03:02 Scout Tower
03:05 Scout Tower
03:06 Guard Tower
03:07 Guard Tower
04:04 Guard Tower
04:06 Scout Tower
04:06 Scout Tower
04:21 Keep
04:28 Scout Tower
04:28 Scout Tower
04:33 Scout Tower
04:41 Guard Tower
04:47 Farm
04:58 Guard Tower
05:05 Arcane Tower
05:30 Arcane Vault
05:35 Arcane Tower
05:37 Scout Tower
05:39 Scout Tower
06:15 Guard Tower
06:18 Guard Tower
06:59 Town Hall
07:05 Scout Tower
07:06 Scout Tower
07:06 Scout Tower
07:32 Guard Tower
07:58 Arcane Tower
08:03 Scout Tower
08:08 Scout Tower
08:15 Scout Tower
08:23 Guard Tower
08:24 Scout Tower
08:28 Scout Tower
08:29 Scout Tower
08:31 Guard Tower
08:31 Guard Tower
08:31 Guard Tower
08:34 Arcane Sanctum
08:41 Scout Tower
08:42 Scout Tower
08:44 Guard Tower
08:46 Scout Tower
08:46 Scout Tower
08:47 Guard Tower
08:49 Scout Tower
08:50 Scout Tower
08:53 Guard Tower
08:53 Scout Tower
08:54 Scout Tower
08:56 Guard Tower
09:14 Castle
09:15 Guard Tower
09:27 Guard Tower
09:35 Guard Tower
09:37 Scout Tower
09:39 Scout Tower
09:40 Scout Tower
09:42 Guard Tower
09:54 Guard Tower
09:54 Scout Tower
09:56 Scout Tower
09:58 Guard Tower
10:05 Guard Tower
10:34 Guard Tower
10:58 Guard Tower
11:20 Scout Tower
11:20 Scout Tower
11:21 Scout Tower
11:22 Scout Tower
11:22 Scout Tower
11:22 Scout Tower
11:30 Guard Tower
11:30 Guard Tower
11:32 Scout Tower
11:33 Scout Tower
11:50 Scout Tower
11:51 Scout Tower
11:52 Guard Tower
11:56 Arcane Vault
12:02 Scout Tower
12:03 Scout Tower
12:13 Scout Tower
12:13 Scout Tower
12:14 Scout Tower
12:16 Guard Tower
12:18 Scout Tower
12:30 Guard Tower
12:34 Arcane Tower
12:37 Guard Tower
12:37 Guard Tower
12:38 Guard Tower
12:38 Guard Tower
12:48 Guard Tower
12:49 Guard Tower
13:07 Guard Tower
13:11 Guard Tower
13:11 Guard Tower
13:12 Guard Tower
13:12 Guard Tower
13:17 Guard Tower
13:19 Scout Tower
14:01 Scout Tower
14:02 Scout Tower
14:03 Scout Tower
14:05 Guard Tower
14:07 Scout Tower
14:08 Scout Tower
14:20 Scout Tower
14:21 Scout Tower
14:22 Scout Tower
14:23 Scout Tower
14:36 Scout Tower
14:37 Scout Tower
14:39 Scout Tower
14:42 Arcane Vault
15:54 Guard Tower
15:58 Scout Tower
16:11 Guard Tower
16:14 Scout Tower
16:15 Scout Tower
16:59 Guard Tower
17:10 Scout Tower
17:10 Scout Tower
17:11 Scout Tower
17:12 Scout Tower
17:13 Scout Tower
17:15 Scout Tower
17:15 Scout Tower
17:16 Scout Tower
17:17 Scout Tower
17:18 Scout Tower
17:19 Scout Tower
17:20 Scout Tower
17:25 Scout Tower
17:26 Scout Tower
17:26 Scout Tower
17:27 Scout Tower
17:40 Guard Tower
17:42 Guard Tower
17:44 Guard Tower
18:22 Scout Tower
18:23 Scout Tower
19:10 Scout Tower
19:11 Scout Tower
19:37 Guard Tower
19:38 Guard Tower
19:38 Guard Tower
19:40 Scout Tower
19:48 Scout Tower
20:08 Guard Tower
20:45 Scout Tower
20:45 Scout Tower
20:46 Scout Tower
20:48 Scout Tower
20:53 Scout Tower
21:19 Guard Tower
21:22 Scout Tower
21:44 Guard Tower
21:46 Guard Tower
21:49 Guard Tower
21:57 Gryphon Aviary
21:57 Barracks
21:59 Blacksmith
22:02 Guard Tower
22:06 Scout Tower
22:14 Guard Tower
22:16 Scout Tower
22:50 Guard Tower
22:50 Scout Tower
22:51 Scout Tower
22:51 Scout Tower
22:52 Scout Tower
23:22 Guard Tower
23:39 Scout Tower
23:40 Scout Tower
23:41 Scout Tower
23:41 Scout Tower
24:01 Guard Tower
24:04 Scout Tower
24:05 Scout Tower
24:05 Scout Tower
24:06 Scout Tower
24:36 Guard Tower
24:42 Guard Tower
24:43 Scout Tower
24:44 Scout Tower
24:45 Scout Tower
24:45 Scout Tower
24:47 Guard Tower
25:06 Farm
25:07 Farm
25:09 Scout Tower
25:10 Scout Tower
25:11 Scout Tower
25:12 Scout Tower
25:17 Guard Tower
25:17 Guard Tower
25:36 Guard Tower
25:37 Scout Tower
25:38 Scout Tower
25:38 Scout Tower
25:40 Guard Tower
25:41 Scout Tower
25:42 Scout Tower
25:42 Scout Tower
25:43 Scout Tower
26:55 Guard Tower
26:57 Scout Tower
26:57 Scout Tower
27:00 Guard Tower
27:02 Scout Tower
27:02 Scout Tower
27:04 Scout Tower
27:04 Scout Tower
27:06 Scout Tower
27:07 Scout Tower
27:30 Guard Tower
27:39 Arcane Tower
27:40 Arcane Tower
27:40 Guard Tower
27:41 Guard Tower
28:43 Guard Tower
30:20 Scout Tower
30:21 Scout Tower
30:23 Scout Tower
31:06 Scout Tower
31:07 Scout Tower
31:10 Guard Tower
34:48 Scout Tower
35:53 Town Hall
37:29 Scout Tower
37:30 Scout Tower
37:30 Scout Tower
37:31 Scout Tower
38:08 Guard Tower
38:09 Guard Tower
38:17 Guard Tower
38:20 Town Hall
39:16 Scout Tower
39:16 Scout Tower
39:18 Scout Tower
39:18 Scout Tower
40:09 Guard Tower
40:09 Guard Tower
41:34 Scout Tower
41:35 Scout Tower
41:40 Scout Tower
43:13 Scout Tower
43:13 Scout Tower
43:14 Scout Tower
43:15 Scout Tower
43:36 Scout Tower
43:37 Scout Tower
43:56 Guard Tower
44:17 Guard Tower
44:17 Guard Tower
44:26 Guard Tower
45:11 Guard Tower
45:12 Guard Tower
45:13 Guard Tower
» items
| Scroll of Regeneration | 3 | |
| Staff of Sanctuary | 3 | |
| Scroll of Town Portal | 3 | |
| Orb of Frost | 2 | |
| Ring of Protection +5 | 2 | |
| Kelen's Dagger of Escape | 1 | |
| Potion of Healing | 1 | |
15 total
Chat log
(01:34 / All) Smurfffffffffff: laghacker -.-'?
(01:41 / All) Birdeneering: hello
(01:45 / All) whatnametotake: hi
(01:48 / All) Birdeneering: it's me
(01:51 / All) Smurfffffffffff: 2hu 1 ne tower peons?
(01:58 / All) Birdeneering: Gladius von laghack
(02:04 / All) dogsandhorse.ru: hey can U wait one sec?
(02:09 / Allies) dogsandhorse.ru: calzone guy is at the door
(02:11 / All) whatnametotake: cause makes no sense
(02:43 / All) Smurfffffffffff: lol 3x towern n abse who hackt?
(02:53 / All) dogsandhorse.ru: wat
(02:55 / All) nutsonyochin.de: excuse m e ?
(03:04 / All) Smurfffffffffff: i fuck you hackers
(03:09 / All) dogsandhorse.ru: wath
(11:09 / All) Birdeneering: you're bad
(11:11 / All) Birdeneering: at this game
(14:56 / All) Birdeneering: why are you doing this?=
(15:11 / All) Birdeneering: you lose
(18:34 / All) deRt0d: how funny
(21:01 / All) Birdeneering: yellow
(21:02 / All) Birdeneering: you suck
(21:14 / All) Birdeneering: fuck you're bad at this game
(21:23 / All) dogsandhorse.ru: wowowow
(27:15 / All) deRt0d: that hurts
(36:04 / All) deRt0d: oh cmon
(44:36 / All) whatnametotake: ^^
(46:53 / All) Birdeneering: wtf noobs?
(47:00 / All) Birdeneering: you really suck
(47:06 / All) nutsonyochin.de: cya
(47:07 / All) dogsandhorse.ru: http://highper.ch/
(47:10 / All) whatnametotake: rly?
(47:18 / All) dogsandhorse.ru: clan towa #1
(47:47 / All) dogsandhorse.ru: bye